 Dungeon Crawl Stone Soup version 0.29.1-1-gd02db6906a (webtiles) character file.

Game seed: 16182453990636243648

4 H0rd4k the Insei (level 1, -1/13 HPs)
             Began as an Octopode Transmuter on Oct 20, 2022.
             Slain by a gnoll
             ... wielding a +0 flail
              (9 damage)
             ... on level 1 of the Dungeon.
             The game lasted 00:00:16 (101 turns).

H0rd4k the Insei (Octopode Transmuter)               Turns: 101, Time: 00:00:17

Health: -1/13      AC:  1    Str:  9    XL:     1   Next: 60%
Magic:  2/3        EV: 13    Int: 15    God:
Gold:   7          SH:  0    Dex: 12    Spells: 3/4 levels left

rFire   . . .      SeeInvis .     - Unarmed
rCold   . . .      Faith    .   (no shield)
rNeg    . . .      Spirit   .   (helmet currently unavailable)
rPois   .          Reflect  .   (no amulet)
rElec   .          Harm     .   (no ring)
rCorr   .          Rampage  .   (no ring)
Will    .....                   (no ring)
Stlth   ++........              (no ring)
HPRegen 0.04/turn               (no ring)
MPRegen 0.08/turn               (no ring)
                                (no ring)
                                (no ring)

@: appendages
A: tentacle spike 3, almost no armour, amphibious, 8 rings, camouflage 1,
gelatinous body 1, (nimble swimmer 1), tentacles
a: End Transformation


You were on level 1 of the Dungeon.
One of your tentacles had grown a beastly spike.
You visited 1 branch of the dungeon, and saw 1 of its levels.

You collected 7 gold pieces.

Inventory:

Potions
 a - a potion of lignification


   Skills:
 + Level 1.0 Fighting
 + Level 2.1 Dodging
 + Level 3.1 Unarmed Combat
 + Level 2.0 Spellcasting
 + Level 2.0 Transmutations


You had 3 spell levels left.
You knew the following spells:

 Your Spells              Type           Power      Damage    Failure   Level
a - Beastly Appendage     Tmut           14%        N/A       10%         1

Your spell library contained the following spells:

 Spells                   Type           Power      Damage    Failure   Level
 Wereblood                Tmut           7%         N/A       14%         2
 Spider Form              Tmut/Pois      4%         N/A       41%         3
 Ice Form                 Ice/Tmut       4%         N/A       82%         4


Dungeon Overview and Level Annotations

Branches:
Dungeon (1/15)

Altars:


Innate Abilities, Weirdness & Mutations

One of your tentacles has grown a beastly spike.
You cannot wear most types of armour.
You are amphibious.
You can wear up to eight rings at the same time.
Your skin changes colour to match your surroundings (Stealth+).
Your rubbery body absorbs attacks. (AC +1, EV +1)
((You are camouflaged when in or above water. (Stealth+)))
You have tentacles for arms and can constrict up to eight enemies at once.


Message History

The giant cockroach bites you but does no damage.
A gnoll comes into view. It is wielding a +0 flail.
A goblin comes into view. It is wielding a +0 dagger.
The goblin shouts!
You release your grip on the giant cockroach.
The giant cockroach bites you but does no damage.
You tentacle-slap the giant cockroach. Your grab misses the giant cockroach.
The giant cockroach is lightly wounded.
The giant cockroach bites you.
You tentacle-slap the giant cockroach but do no damage.
You grab the giant cockroach.
The giant cockroach is lightly wounded.
You constrict the giant cockroach. The giant cockroach barely misses you.
You tentacle-slap the giant cockroach but do no damage.
You squeeze the giant cockroach.
You kill the giant cockroach!
The hobgoblin attacks as you move away! The hobgoblin hits you.
The hobgoblin attacks as you move away!
The hobgoblin hits you but does no damage.
Casting: Beastly Appendage (safe; 10% risk of failure)
Confirm with . or Enter, or press ? or * to list all spells.
One of your tentacles grows a vicious spike.
The hobgoblin completely misses you.
You tentacle-slap the hobgoblin. You grab the hobgoblin.
The hobgoblin is almost dead.
You constrict the hobgoblin, but do no damage.
The hobgoblin hits you.
You tentacle-slap the hobgoblin.
You kill the hobgoblin!
You closely miss the goblin. Your grab misses the goblin.
You pierce the goblin.
The goblin is moderately wounded.
The goblin closely misses you.
You closely miss the goblin. Your grab misses the goblin.
You pierce the goblin.
You kill the goblin!
You closely miss the gnoll. Your grab misses the gnoll.
The gnoll hits you with a +0 flail!
Ouch! That really hurt!
You die...

#.#. #####.#.## . .
##.#.#..# #
##.g..##.###
##..#####...##
###....# ##.#..##
###.#.#### #..##..#
#......# ##..###.#
#..##g#####....#..#
#.#.@## #..####..##
#...## #.## ##.##
#.#<# ### #..#
##### ##.# ###


You could see a gnoll.

Vanquished Creatures
  A giant cockroach (D:1)
  A hobgoblin (D:1)
  A frilled lizard (D:1)
  A goblin (D:1)
4 creatures vanquished.

Notes
Turn   | Place    | Note
-------+----------+-------------------------------------------
     0 | D:1      | H0rd4k the Octopode Transmuter began the quest for the Orb.
     0 | D:1      | Reached XP level 1. HP: 13/13 MP: 3/3
   101 | D:1      | Slain by a gnoll

Illustrated notes

Levels and vault maps discovered:
D:1:      lemuel_arrival_tunnels, layout_rooms, minmay_misc_feat_alley

Action                   || total
-------------------------++-------
Melee: Unarmed           ||    11
       Constrict         ||     3
       Kick              ||     2
       Tentacles         ||     1
 Cast: Beastly Appendage ||     1
 Stab: Sleeping          ||     1
Armor: Skin              ||     3
Dodge: Dodged            ||     4
